 Dungeon Crawl Stone Soup version 0.20.1-1-g8b1a95d (webtiles) character file.

1654 Peloso the Slasher (level 8, -1/73 HPs)
             Began as a Deep Dwarf Fighter on Aug 10, 2017.
             Was a Follower of Okawaru.
             Slain by Pikel
             ... wielding a +2 whip of electrocution
              (14 damage)
             ... on level 7 of the Dungeon.
             The game lasted 00:18:54 (5281 turns).

Peloso the Slasher (Deep Dwarf Fighter)             Turns: 5281, Time: 00:18:54

Health: -1/73      AC: 16    Str: 22    XL:     8   Next: 68%
Magic:  6/6        EV:  5    Int:  9    God:    Okawaru [*.....]
Gold:   464        SH: 11    Dex: 12    Spells: 7/7 levels left

rFire    . . .     SeeInvis .   a - +1 long sword
rCold    . . .     Gourm    .   c - +0 shield
rNeg     . . .     Faith    .   h - +1 plate armour
rPois    .         Spirit   .   (no helmet)
rElec    .         Reflect  .   i - +0 cloak
rCorr    +         Harm     .   m - +0 pair of gloves
MR       +....                  (no boots)
Stlth    ..........             (no amulet)
Regen    0.0/turn               A - ring of flight
MPRegen  0.1/turn               b - ring of resist corrosion

@: non-regenerating
A: damage resistance, heal wounds, sense surroundings 1, no regeneration
a: Heal Wounds, Heroism, Renounce Religion, Evoke Flight


You were on level 7 of the Dungeon.
You worshipped Okawaru.
Okawaru was aware of your devotion.
You were not hungry.

You visited 2 branches of the dungeon, and saw 8 of its levels.

You collected 464 gold pieces.

Inventory:

Hand Weapons
 a - a +1 long sword (weapon)
Armour
 c - a +0 shield (worn)
 h - a +1 plate armour (worn)
 i - a +0 cloak (worn)
 m - a +0 pair of gloves (worn)
Jewellery
 b - a ring of resist corrosion (right hand)
 A - a ring of flight (left hand)
 D - a +2 ring of strength
Wands
 x - a wand of acid (3/15)
 F - a wand of paralysis (16/24)
Scrolls
 e - 2 scrolls of magic mapping {unknown}
 g - a scroll of amnesia
 j - 5 scrolls of teleportation
 l - a scroll of blinking {unknown}
 p - 2 scrolls of recharging
 r - a scroll of random uselessness {unknown}
 y - a scroll of remove curse
 z - a scroll of fog {unknown}
 B - a scroll of brand weapon {unknown}
Potions
 d - 2 potions of mutation
 k - 2 potions of flight
 q - a potion of brilliance
 s - a potion of ambrosia {unknown}
 v - a potion of resistance {unknown}
Books
 u - a book of Changes

   Spells                             Type                      Level
   a - Beastly Appendage              Transmutation                1
   b - Sticks to Snakes               Transmutation                2
   c - Spider Form                    Transmutation/Poison         3
   d - Ice Form                       Ice/Transmutation            4
   e - Blade Hands                    Transmutation                5
 w - a book of Minor Magic

   Spells                             Type                      Level
   a - Magic Dart                     Conjuration                  1
   b - Blink                          Translocation                2
   c - Call Imp                       Summoning                    2
   d - Slow                           Hexes                        2
   e - Conjure Flame                  Conjuration/Fire             3
   f - Mephitic Cloud                 Conjuration/Poison/Air       3
 E - a book of Maledictions

   Spells                             Type                      Level
   a - Corona                         Hexes                        1
   b - Ensorcelled Hibernation        Hexes/Ice                    2
   c - Confuse                        Hexes                        3
   d - Tukima's Dance                 Hexes                        3
   e - Dazzling Spray                 Conjuration/Hexes            3
Comestibles
 f - 13 bread rations
 n - 4 royal jellies
 o - 3 meat rations
 t - 5 fruits
 C - 3 chunks of flesh


   Skills:
 + Level 4.5 Fighting
 + Level 6.9 Long Blades
   Level 1.8 Polearms
 + Level 6.4 Armour
 + Level 1.2 Dodging
 + Level 1.0 Stealth
 + Level 6.6 Shields
 + Level 0.3 Evocations


You had 7 spell levels left.
You didn't know any spells.

Dungeon Overview and Level Annotations

Branches:
Dungeon (7/15)             Temple (1/1) D:5

Altars:
Ashenzari
Cheibriados
Dithmenos
Elyvilon
Fedhas
Gozag
Hepliaklqana
Makhleb
Nemelex Xobeh
Okawaru
Qazlal
Ru
Sif Muna
Trog
Uskayaw
Vehumet
Xom
Yredelemnul
Zin
The Shining One

Annotations:
D:7 Pikel


Innate Abilities, Weirdness & Mutations

You are resistant to damage.
You can heal yourself by infusing magical energy.
You passively map a small area around you.
You do not regenerate.


Message History

Pikel barely misses you.
You completely miss Pikel.
Pikel is severely wounded.
Pikel hits you but does no damage. You block Pikel's attack.
You hit Pikel.
Pikel is severely wounded.
Pikel hits you with a whip of electrocution.
You are electrocuted!
* * * LOW HITPOINT WARNING * * *
You barely miss Pikel.
Pikel is severely wounded.
You block Pikel's attack.
You hit Pikel.
Pikel is almost dead.
Pikel barely misses you.
You riposte.
You closely miss Pikel.
Pikel is almost dead.
You hit Pikel but do no damage.
Pikel is almost dead.
Pikel hits you but does no damage.
You are electrocuted!
You die...

###..###.......(......#
#...
#.........#.##.########
#... #.#..###..#.##.# ####
#...........##.#
#######.####.#.##.# #####
........####.#.##.. ....#
#######...##.#.#####....#
..........####.####p....#
...........# #..@Kpp....###
...........# #>####p.......
,
...........###.####..#.....
,
...........##..............
...........##.###........pp
,
...........##...#..........
..........###.#.#..........
.#####.#### #.#.+..........
#.######.###..........


You could see Pikel and 4 slaves.

Vanquished Creatures
  Grinder (D:3)
  A spriggan (D:7)
  2 orc warriors (D:6)
  An ice beast (D:7)
  A phantom (D:5)
  An ogre (D:4)
  4 scorpions
  A howler monkey (D:7)
  A crimson imp (D:5)
  A quasit (D:6)
  A bullfrog zombie (D:5)
  4 hounds
  A bullfrog skeleton (D:6)
  2 orc priests
  3 worker ants
  A hound zombie (D:5)
  A hound skeleton (D:6)
  A howler monkey skeleton (D:7)
  3 gnolls (D:7)
  6 adders
  A shadow imp (D:6)
  An ooze (D:3)
  3 worms
  5 leopard geckos
  16 orcs
  2 giant cockroaches
  19 goblins
  12 hobgoblins
  4 jackals (D:1)
  6 kobolds
  A quokka (D:5)
  A ball python (D:1)
  10 bats
  9 frilled lizards
  A leopard gecko skeleton (D:7)
  6 rats
134 creatures vanquished.

Vanquished Creatures (others)
  A frilled lizard (D:5)
1 creature vanquished.

Grand Total: 135 creatures vanquished

Notes
Turn   | Place    | Note
-------+----------+-------------------------------------------
     0 | D:1      | Peloso the Deep Dwarf Fighter began the quest for the Orb.
     0 | D:1      | Reached XP level 1. HP: 20/20 MP: 1/1
   164 | D:1      | Reached XP level 2. HP: 21/27 MP: 2/2
   879 | D:2      | Reached XP level 3. HP: 18/34 MP: 3/3
  1012 | D:2      | Found a sacrificial altar of Ru.
  1424 | D:2      | Reached XP level 4. HP: 20/42 MP: 4/4
  1832 | D:3      | Found a glowing golden altar of the Shining One.
  1832 | D:3      | Found a hazy altar of Hepliaklqana.
  1833 | D:3      | Found a white marble altar of Elyvilon.
  1834 | D:3      | Found a radiant altar of Vehumet.
  1865 | D:3      | Noticed Grinder
  1876 | D:3      | Paralysed by Grinder for 2 turns
  1883 | D:3      | Killed Grinder
  1883 | D:3      | Reached XP level 5. HP: 20/49 MP: 5/5
  1883 | D:3      | Reached XP level 6. HP: 23/56 MP: 6/6
  2556 | D:4      | Reached skill level 1 in Polearms
  2556 | D:4      | Reached skill level 5 in Shields
  2726 | D:4      | Reached skill level 5 in Armour
  2992 | D:5      | Entered Level 5 of the Dungeon
  3062 | D:5      | Reached XP level 7. HP: 11/62 MP: 6/6
  3410 | D:5      | Reached skill level 1 in Dodging
  3780 | D:5      | Found a shadowy altar of Dithmenos.
  3985 | D:5      | Found a staircase to the Ecumenical Temple.
  4056 | Temple   | Entered the Ecumenical Temple
  4092 | Temple   | Became a worshipper of Warmaster Okawaru
  4132 | D:5      | Reached skill level 5 in Long Blades
  4339 | D:6      | Reached XP level 8. HP: 50/72 MP: 6/6
  4746 | D:6      | Reached * piety under Okawaru
  4996 | D:7      | Reached skill level 1 in Stealth
  5255 | D:7      | Noticed Pikel
  5281 | D:7      | Slain by Pikel

Skill      XL: |  1  2  3  4  5  6  7  8 |
---------------+-------------------------+-----
Fighting       | 3 4 |  4.5
Shields        | 4 5 6 |  6.6
Long Blades    | 4 5 6 |  6.9
Armour         | 4 5 6 |  6.4
Polearms       | 1 |  1.8
Dodging        | 1 |  1.2
Stealth        | 1 |  1.0
Evocations     | |  0.3

Action                   |  1- 3 |  4- 6 |  7- 9 || total
-------------------------+-------+-------+-------++-------
Melee: Long sword        |   206 |    62 |   324 ||   592
       Trident           |       |   166 |       ||   166
Invok: Heroism           |       |       |     1 ||     1
 Abil: Heal Wounds       |       |     2 |     3 ||     5
Evoke: Wand              |       |     2 |     3 ||     5
  Use: Potion            |       |     1 |       ||     1
       Scroll            |       |    10 |     5 ||    15
  Eat: Chunk             |     2 |     6 |     6 ||    14
       Fruit             |       |       |     2 ||     2
Armor: Scale mail        |    21 |       |       ||    21
       Plate armour      |   113 |   133 |   153 ||   399
Dodge: Dodged            |    37 |    23 |    63 ||   123
Block: Shield            |   124 |   125 |   167 ||   416
       Rpst.: Long sword |    10 |       |    20 ||    30
